Map: Rhoskallian LE

Players

DokTor - Winner!

  • Race: Protoss Protoss
  • League: Platinum
  • Spawn Location: 11:00

Rovado - Winner!

  • Race: Protoss Protoss
  • League: Diamond
  • Spawn Location: 12:00

qqq

  • Race: Terran Terran
  • Spawn Location: 5:00

Massa

  • Race: Terran Terran
  • League: Platinum
  • Spawn Location: 6:00

VOD

Have the link to the VOD?

Description

Time

  • Played on: Nov. 7, 2020, 8:54 a.m.
  • Length: 15:11
Show
View Real Time Build Order
Export as new Build Order

DokTor Protoss - Winner!

Build Orders: Oracle Opening 

Get SALT Encoding   

  12  0:00  Probe  
  13  0:12  Probe  
  14  0:18  Pylon  
  14  0:24  Probe (Chrono Boost)  
  15  0:38  Probe (Chrono Boost)  
  16  0:43  Gateway  
  16  0:44  Probe (Chrono Boost)  
  17  0:53  Probe  
  17  0:55  Assimilator  
  18  1:05  Probe  
  18  1:08  Pylon  
  19  1:17  Probe  
  20  1:29  Probe  
  21  1:33  Cybernetics Core  
  21  1:46  Probe  
  22  1:47  Zealot (Chrono Boost)  
  24  2:14  Assimilator  
  24  2:17  Nexus  
  24  2:19  Stalker  
  26  2:26  Probe  
  27  2:46  Probe, Stargate  
  28  2:51  Pylon  
  28  2:55  Stalker (Chrono Boost)  
  28  2:58  Probe  
  31  3:00  Warp Gate (Chrono Boost)  
  31  3:11  Probe  
  32  3:19  Gateway  
  32  3:23  Probe  
  31  3:28  Oracle (Chrono Boost)  
  34  3:35  Probe  
  34  3:36  Probe  
  36  3:47  Probe  
  37  3:48  Probe  
  38  3:59  Probe  
  38  4:00  Probe  
  40  4:11  Probe  
  40  4:12  Probe  
  42  4:23  Probe  
  43  4:24  Probe  
  43  4:30  Pylon x2  
  44  4:31  Gateway  
  44  4:35  Probe  
  44  4:37  Probe  
  46  5:03  Probe x2  
  48  5:15  Probe x2  
  50  5:21  Gateway  
  50  5:27  Probe  
  50  5:28  Probe, Fleet Beacon  
  52  5:29  Assimilator  
  52  5:34  Assimilator  
  52  5:40  Probe x2  
  54  5:43  Stalker x3  
  60  5:52  Probe x2  
  60  5:55  Pylon  
  62  6:01  Protoss Air Weapons Level 1  
  62  6:04  Probe x2  
  64  6:22  Stalker x4  
  72  6:27  Cybernetics Core  
  72  6:30  Twilight Council  
  72  6:31  Stargate  
  72  6:34  Pylon, Stargate  
  72  6:35  Probe  
  72  6:36  Probe  
  74  6:48  Probe  
  74  6:52  Nexus  
  74  6:53  Probe  
  76  7:00  Tempest, Probe  
  82  7:05  Probe  
  83  7:19  Protoss Air Armor Level 1 (Chrono Boost)  
  83  7:22  Probe x2  
  85  7:34  Probe, Forge  
  86  7:37  Pylon  
  86  7:38  Assimilator  
  86  7:42  Pylon  
  86  7:43  Assimilator  
  86  7:46  Pylon  
  86  7:55  Tempest (Chrono Boost), Probe x2  
  93  7:59  Tempest (Chrono Boost)  
  98  8:07  Probe  
  98  8:08  Probe x2  
  102  8:20  Probe x3  
  109  8:29  Protoss Air Weapons Level 2 (Chrono Boost)  
  109  8:32  Tempest (Chrono Boost), Probe x3  
  112  8:37  Photon Cannon x2  
  112  8:39  Photon Cannon  
  112  8:40  Photon Cannon  
  112  8:42  Photon Cannon  
  112  8:43  Photon Cannon  
  112  8:44  Probe x3, Photon Cannon  
  112  8:46  Photon Cannon  
  112  8:48  Photon Cannon  
  115  8:50  Pylon  
  115  8:52  Pylon  
  115  8:55  Pylon  
  115  8:58  Pylon  
  115  9:03  Tempest  
  115  9:04  Tempest  
  115  9:05  Pylon  
  125  9:14  Protoss Air Armor Level 2 (Chrono Boost)  
  125  9:32  Protoss Shields Level 1 (Chrono Boost)  
  125  9:34  Tempest, Templar Archives  
  130  9:44  Nexus  
  130  9:45  Pylon  
  130  9:46  Pylon x2  
  130  9:52  Assimilator  
  130  9:55  Tempest, Assimilator  
  135  10:02  Unknown  
  135  10:07  Tempest  
  140  10:16  Photon Cannon  
  140  10:17  Photon Cannon  
  140  10:19  Photon Cannon  
  140  10:21  Photon Cannon  
  140  10:24  Photon Cannon  
  140  10:39  Stargate  
  140  10:42  Stargate  
  140  10:45  Pylon  
  140  10:47  Stargate  
  140  10:49  Probe x2, Photon Cannon  
  142  10:50  Probe, Photon Cannon x2  
  142  10:53  Photon Cannon  
  142  10:54  Photon Cannon  
  143  11:06  Psionic Storm  
  143  11:22  Protoss Air Weapons Level 3 (Chrono Boost)  
  143  11:25  Protoss Shields Level 2  
  143  11:31  Protoss Air Armor Level 3 (Chrono Boost)  
  143  11:37  Photon Cannon  
  143  11:42  Photon Cannon  
  143  11:44  Pylon  
  143  11:47  Pylon  
  143  11:50  Shield Battery  
  143  11:52  Shield Battery  
  143  11:59  Tempest (Chrono Boost)  
  153  12:03  Nexus  
  153  12:05  Pylon, Mothership (Chrono Boost)  
  153  12:07  Tempest (Chrono Boost), Pylon  
  161  12:08  Pylon  
  161  12:11  Pylon  
  161  12:12  Tempest (Chrono Boost)  
  161  12:15  Pylon  
  166  12:21  Pylon  
  166  12:47  Tempest x2 (Chrono Boost)  
  166  12:48  Tempest x2 (Chrono Boost)  
  186  13:06  Tempest x2 (Chrono Boost)  
  193  13:27  Tempest (Chrono Boost)  
  190  13:58  Tempest x2  
  190  13:59  Tempest  
  185  14:18  Tempest x3  
  200  14:30  Pylon  
  200  14:34  Photon Cannon  
  200  14:35  Photon Cannon  
  200  14:37  Photon Cannon  
  200  14:38  Photon Cannon  
  200  14:44  Photon Cannon  
  200  14:46  Photon Cannon  
  200  14:50  Photon Cannon  
Show
View Real Time Build Order
Export as new Build Order

Rovado Protoss - Winner!

Build Orders: Cannon Rush, Carriers 

Get SALT Encoding   

  12  0:00  Probe  
  13  0:12  Probe  
  14  0:18  Pylon  
  14  0:25  Probe  
  15  0:37  Forge  
  15  0:56  Probe  
  16  1:08  Probe  
  17  1:20  Probe  
  18  1:27  Pylon  
  18  1:32  Gateway  
  18  1:34  Probe  
  19  1:47  Photon Cannon  
  19  1:50  Photon Cannon  
  19  1:52  Photon Cannon  
  19  1:58  Probe  
  19  2:33  Probe  
  20  2:38  Pylon  
  20  2:40  Pylon  
  19  2:45  Probe  
  19  2:49  Assimilator  
  20  2:59  Nexus  
  20  3:06  Probe  
  21  3:15  Cybernetics Core  
  21  3:17  Pylon  
  21  3:18  Probe  
  22  3:28  Photon Cannon, Pylon  
  22  3:30  Probe  
  23  3:54  Probe  
  24  3:57  Stalker  
  24  4:00  Assimilator  
  26  4:07  Probe (Chrono Boost)  
  27  4:12  Probe (Chrono Boost)  
  28  4:17  Pylon  
  28  4:19  Probe (Chrono Boost)  
  28  4:21  Probe (Chrono Boost)  
  28  4:24  Probe (Chrono Boost)  
  30  4:26  Probe (Chrono Boost)  
  32  4:32  Assimilator  
  32  4:33  Probe  
  32  4:37  Assimilator  
  33  4:44  Probe (Chrono Boost)  
  33  4:45  Probe (Chrono Boost)  
  35  4:54  Probe x2 (Chrono Boost)  
  35  4:55  Stargate  
  35  4:59  Probe (Chrono Boost)  
  37  5:00  Stargate  
  39  5:14  Probe  
  39  5:20  Probe  
  40  5:26  Probe  
  41  5:32  Probe  
  41  5:33  Pylon  
  41  5:35  Pylon  
  42  5:38  Probe  
  42  5:39  Void Ray x2  
  43  5:45  Probe  
  43  5:46  Pylon  
  52  5:50  Probe  
  52  5:52  Stargate  
  53  6:08  Photon Cannon  
  53  6:09  Photon Cannon  
  53  6:12  Shield Battery  
  53  6:15  Probe x2  
  55  6:30  Fleet Beacon  
  55  6:42  Pylon  
  55  7:09  Protoss Air Weapons Level 1 (Chrono Boost)  
  67  7:22  Carrier x2 (Chrono Boost)  
  67  7:26  Carrier (Chrono Boost)  
  73  7:37  Probe x2  
  74  7:49  Probe x2  
  76  8:20  Carrier  
  82  8:29  Cybernetics Core  
  82  8:39  Pylon  
  82  8:42  Twilight Council  
  82  8:57  Carrier x2, Pylon  
  82  8:59  Nexus  
  82  9:00  Pylon  
  82  9:02  Pylon  
  94  9:06  Pylon  
  94  9:10  Pylon  
  94  9:22  Protoss Air Armor Level 1  
  94  9:30  Protoss Shields Level 1  
  94  9:34  Protoss Air Weapons Level 2 (Chrono Boost)  
  94  9:43  Robotics Facility  
  94  9:52  Photon Cannon  
  94  9:53  Photon Cannon  
  94  9:54  Photon Cannon  
  94  9:58  Photon Cannon  
  94  9:59  Photon Cannon  
  94  10:01  Photon Cannon  
  94  10:02  Photon Cannon  
  94  10:07  Shield Battery  
  94  10:11  Shield Battery, Pylon  
  94  10:12  Photon Cannon, Pylon  
  94  10:14  Photon Cannon  
  94  10:15  Pylon  
  94  10:16  Probe x2  
  96  10:28  Probe x2  
  98  10:36  Shield Battery  
  98  10:39  Shield Battery  
  98  10:42  Assimilator  
  98  10:44  Photon Cannon  
  98  10:46  Photon Cannon, Assimilator  
  98  11:01  Carrier  
  104  11:06  Carrier  
  110  11:14  Probe (Chrono Boost)  
  113  11:18  Probe (Chrono Boost)  
  113  11:19  Probe (Chrono Boost)  
  113  11:21  Carrier  
  113  11:24  Probe (Chrono Boost)  
  120  11:46  Protoss Air Armor Level 2 (Chrono Boost)  
  120  11:47  Observer  
  121  12:02  Protoss Air Weapons Level 3, Mothership  
  129  12:09  Observer  
  130  12:28  Carrier  
  135  12:32  Carrier  
  141  12:53  Carrier  
  140  13:36  Carrier  
  140  13:38  Carrier  
  136  13:57  Carrier  
  142  14:12  Observer  
  137  14:33  Observer  
Show
View Real Time Build Order
Export as new Build Order

qqq Terran 

Build Orders:  

Get SALT Encoding   

  12  0:00  SCV  
  13  0:13  SCV  
  14  0:25  SCV  
  14  0:27  Supply Depot  
  15  0:48  SCV  
  16  0:52  Barracks  
  16  0:54  Supply Depot  
  16  1:00  SCV  
  17  1:13  SCV  
  18  1:38  SCV  
  19  1:41  Command Center  
  19  1:53  Marine  
  20  2:05  Bunker  
  17  2:42  Marine  
  18  2:45  SCV  
  18  2:49  Refinery  
  18  2:51  Refinery  
  19  2:57  SCV, Barracks  
  20  3:00  Supply Depot  
  20  3:07  SCV  
  20  3:09  SCV  
  20  3:10  Refinery  
  22  3:19  SCV  
  22  3:29  Supply Depot  
  22  3:31  SCV  
  23  3:43  SCV  
  23  3:44  Orbital Command  
  23  3:47  Factory  
  24  3:55  SCV  
  25  4:07  SCV  
  26  4:13  SCV, Engineering Bay  
  27  4:20  SCV  
  28  4:25  SCV  
  29  4:32  SCV  
  29  4:37  SCV  
  28  4:44  SCV  
  28  4:49  SCV  
  27  4:55  Missile Turret  
  27  4:56  SCV  
  26  5:01  SCV  
  27  5:08  Factory Tech Lab  
  27  5:10  Starport  
  27  5:13  SCV  
  29  5:18  Orbital Command  
  28  5:25  SCV  
  29  5:30  Cyclone  
  32  5:35  Missile Turret  
  32  5:37  SCV  
  33  5:48  SCV  
  35  5:50  SCV  
  35  5:52  Starport Reactor  
  35  6:00  SCV  
  35  6:02  SCV  
  37  6:12  SCV  
  37  6:14  SCV, Armory  
  39  6:24  SCV  
  40  6:26  SCV  
  41  6:36  SCV  
  41  6:38  SCV  
  43  6:48  SCV  
  43  6:50  SCV  
  45  6:59  Command Center  
  45  7:00  SCV  
  46  7:02  Missile Turret  
  46  7:04  Terran Vehicle Weapons Level 1  
  46  7:06  Factory  
  46  7:16  Supply Depot  
  46  7:25  Missile Turret  
  46  7:38  SCV, Supply Depot, Viking x2, Siege Tank  
  54  7:48  Missile Turret  
  54  8:00  SCV x2  
  54  8:02  Supply Depot  
  56  8:07  Starport  
  56  8:08  Viking  
  56  8:09  Viking  
  56  8:11  Siege Tank  
  56  8:12  SCV  
  64  8:13  Planetary Fortress  
  64  8:15  Missile Turret  
  64  8:18  SCV  
  65  8:22  Refinery  
  65  8:24  SCV  
  66  8:30  SCV  
  67  8:35  Missile Turret, Supply Depot  
  67  8:36  SCV  
  68  8:42  SCV  
  68  8:44  Command Center  
  69  8:48  SCV  
  69  8:53  SCV  
  69  8:54  SCV  
  72  8:56  Missile Turret  
  72  8:57  Hi-Sec Auto Tracking  
  72  9:00  SCV  
  73  9:06  SCV x2  
  75  9:13  SCV  
  75  9:15  Missile Turret  
  76  9:18  SCV  
  76  9:19  SCV  
  76  9:21  Viking  
  76  9:22  Starport Tech Lab  
  80  9:25  SCV  
  80  9:30  SCV, Viking  
  80  9:31  SCV  
  85  9:33  Starport  
  85  9:37  SCV  
  86  9:41  Factory Reactor  
  86  9:42  SCV  
  86  9:43  SCV  
  88  9:49  SCV  
  88  9:51  Viking  
  91  9:54  Neosteel Armor  
  91  9:55  SCV  
  91  9:56  SCV  
  91  9:57  Raven  
  95  10:00  Viking  
  95  10:03  Widow Mine  
  99  10:21  Viking  
  101  10:25  Widow Mine  
  103  10:36  Marine  
  103  10:38  Starport Tech Lab  
  103  10:39  Raven  
  106  10:46  Widow Mine  
  108  11:06  Refinery x2  
  108  11:13  Supply Depot  
  108  11:22  Orbital Command  
  108  11:33  Widow Mine, SCV x3, Raven, Marine  
  108  11:34  Raven  
  108  11:36  Supply Depot  
  118  11:44  Viking x2  
  118  11:45  SCV x3  
  125  11:50  Marine  
  126  11:54  Siege Tank  
  126  11:57  SCV x3  
  126  11:59  Supply Depot  
  132  12:07  Barracks  
  132  12:08  Marine  
  132  12:09  SCV  
  132  12:14  Viking  
  136  12:17  Raven, Missile Turret  
  136  12:22  Supply Depot  
  138  12:23  SCV  
  138  12:26  Marine  
  140  12:35  SCV  
  141  12:39  Missile Turret  
  141  12:46  Supply Depot  
  141  12:55  Barracks  
  141  12:59  Missile Turret  
  141  13:10  Supply Depot  
  135  13:20  Missile Turret  
  120  13:34  Supply Depot  
  120  13:40  Missile Turret  
  103  13:44  Barracks  
  96  13:52  Raven x2  
  92  13:57  Widow Mine x2  
  92  13:58  Widow Mine  
  92  14:01  Barracks Reactor  
  93  14:06  Refinery  
  93  14:07  Refinery  
  85  14:18  Widow Mine  
  85  14:24  Command Center  
  74  14:29  Missile Turret  
  74  14:30  Missile Turret  
  71  14:31  Barracks  
  71  14:32  Missile Turret  
  71  14:33  Missile Turret  
  71  14:36  Missile Turret  
  71  14:37  Missile Turret  
  71  14:38  Viking x2  
Show
View Real Time Build Order
Export as new Build Order

Massa Terran 

Build Orders: Reaper Expand 

Get SALT Encoding   

  12  0:00  SCV  
  13  0:12  SCV  
  14  0:23  Supply Depot  
  14  0:24  SCV  
  15  0:36  Refinery  
  15  0:45  SCV  
  15  0:46  Barracks  
  16  0:57  SCV  
  17  1:09  SCV  
  18  1:21  SCV  
  19  1:44  Refinery  
  19  1:53  Barracks  
  19  1:54  Reaper  
  20  2:05  Command Center  
  20  2:17  Supply Depot  
  20  2:26  Marine  
  21  2:47  Marine  
  22  2:54  Factory  
  22  2:56  Orbital Command  
  22  3:00  Marine  
  22  3:05  Marine  
  24  3:18  Marine  
  25  3:22  Marine  
  26  3:37  Factory Tech Lab  
  26  3:44  Barracks Tech Lab  
  26  3:51  Barracks Reactor  
  26  3:53  Command Center  
  26  3:54  SCV  
  27  4:06  SCV  
  28  4:20  Siege Tank  
  31  4:30  Marine x2  
  33  4:42  Stimpack  
  33  4:43  Marine  
  34  4:49  Engineering Bay  
  34  4:50  SCV  
  34  4:52  Cyclone  
  38  4:54  Orbital Command  
  38  5:00  Marine  
  38  5:03  SCV  
  40  5:24  Cyclone, Orbital Command  
  40  5:26  SCV x2  
  45  5:31  Missile Turret  
  45  5:35  Missile Turret  
  45  5:38  SCV  
  45  5:39  SCV  
  47  5:51  Marauder, Marine x2  
  47  5:54  SCV  
  47  5:55  SCV x2  
  54  6:06  SCV  
  54  6:07  SCV  
  56  6:12  Marauder  
  58  6:21  Combat Shield  
  58  6:22  Missile Turret  
  58  6:23  SCV x3  
  61  6:42  Missile Turret  
  61  6:44  Missile Turret  
  61  6:45  Missile Turret  
  61  6:48  Supply Depot  
  61  6:49  Supply Depot  
  61  6:54  Missile Turret  
  61  6:58  Missile Turret  
  61  7:07  Supply Depot  
  61  7:08  Supply Depot  
  61  7:10  SCV x3, Marine x2, Cyclone  
  61  7:11  Marauder  
  71  7:22  SCV x3  
  74  7:32  Marauder  
  74  7:34  SCV x3  
  79  7:46  SCV  
  79  8:02  Marauder, Marine x2  
  80  8:18  Cyclone  
  83  8:20  Marine  
  83  8:22  Barracks  
  83  8:24  Marauder  
  86  8:28  Starport  
  86  8:32  Starport  
  86  8:33  Starport  
  83  8:37  SCV x3  
  83  8:39  Supply Depot  
  83  8:40  Refinery  
  86  8:41  Refinery  
  86  8:44  Terran Infantry Weapons Level 1  
  86  8:46  Armory  
  86  8:50  Engineering Bay  
  86  8:53  Missile Turret  
  86  8:54  SCV  
  86  8:55  SCV x2  
  89  8:59  Marauder, Marine x2  
  89  9:01  Supply Depot  
  93  9:03  Siege Tank  
  93  9:06  SCV  
  93  9:07  SCV x2  
  93  9:09  Missile Turret  
  99  9:11  Barracks Reactor, Missile Turret  
  99  9:13  Missile Turret  
  99  9:16  Missile Turret  
  99  9:17  Marine  
  99  9:18  Barracks  
  99  9:19  SCV  
  99  9:20  Barracks  
  99  9:23  SCV x2, Marauder  
  105  9:29  Terran Infantry Armor Level 1  
  105  9:32  Supply Depot x2  
  105  9:34  Missile Turret  
  105  9:46  Refinery  
  105  9:47  Refinery, SCV x3  
  108  9:54  Sensor Tower  
  108  9:56  Missile Turret  
  108  9:57  Supply Depot  
  108  9:58  Supply Depot  
  108  9:59  SCV x2  
  110  10:03  Thor  
  110  10:06  Command Center  
  116  10:10  Starport Tech Lab  
  116  10:11  Starport Reactor x2  
  116  10:16  Terran Vehicle Weapons Level 1  
  116  10:21  Armory  
  116  10:22  Supply Depot  
  116  10:25  Supply Depot  
  116  10:35  SCV x3  
  119  10:47  SCV x3  
  122  10:53  Command Center  
  122  10:57  Marauder  
  122  10:59  Barracks Reactor, Barracks Tech Lab, SCV  
  122  11:00  Marine x4  
  122  11:02  Command Center  
  129  11:06  Thor  
  129  11:07  Command Center  
  135  11:12  Factory  
  135  11:15  Factory  
  135  11:18  Marine x3  
  138  11:19  Marauder, Factory  
  138  11:22  Orbital Command  
  138  11:23  SCV x2  
  142  11:40  Marauder  
  144  11:50  Missile Turret  
  144  11:52  SCV x4  
  148  12:01  Marauder  
  148  12:04  SCV x4  
  154  12:10  Missile Turret  
  154  12:11  Factory Tech Lab x3  
  154  12:13  Smart Servos  
  154  12:15  Terran Infantry Weapons Level 2  
  154  12:16  SCV  
  154  12:17  Terran Vehicle Weapons Level 2  
  154  12:18  Terran Vehicle And Ship Armor Level 1  
  154  12:22  Viking x5  
  165  12:29  Missile Turret  
  165  12:36  Orbital Command  
  165  12:38  Orbital Command x2  
  165  12:48  Missile Turret  
  165  12:51  Thor x2  
  177  12:52  Viking x4  
  177  12:55  Refinery  
  177  12:57  Refinery  
  185  12:59  SCV  
  185  13:00  SCV x2  
  188  13:07  Refinery, Sensor Tower  
  188  13:18  Viking  
  190  13:21  Missile Turret x2  
  190  13:22  Missile Turret x2, Viking x3  
  190  13:25  Missile Turret  
  159  13:56  Viking x5  
  149  14:08  Thor  
  119  14:19  Thor  
  111  14:24  Refinery  
  111  14:26  Viking x5  
  111  14:30  Refinery  
  121  14:33  Refinery  
  121  14:34  Marine x8  
  137  14:51  Marine  
  137  14:52  Marine x7  
Tags
 
Add a new tag
Caveats
  • Supply blocks, unpowered buildings, or Contaminate may cause inaccurate times.
  • Supply counts are checked every 10 seconds.